Map: Persephone LE

Players

Fjant - Winner!

  • Race: Zerg Zerg
  • League: Grandmaster
  • Spawn Location: 7:00

LiquidMaNa (MaNa)

  • Race: Protoss Protoss
  • League: Grandmaster
  • Spawn Location: 11:00

Event: HomeStory Cup XXVII

VOD

Have the link to the VOD?

Description

Time

  • Played on: June 27, 2025, 8:25 a.m.
  • Length: 4:18

All games in this series

Show
View Real Time Build Order
Export as new Build Order

Fjant Zerg - Winner!

Build Orders: Hatch First 

Get SALT Encoding   

  12  0:00  Drone  
  13  0:07  Drone  
  13  0:14  Drone, Extractor  
  15  0:21  Overlord  
  15  0:40  Drone x2  
  17  0:52  Drone  
  18  1:00  Drone  
  19  1:06  Hatchery  
  19  1:09  Spawning Pool  
  17  1:12  Drone  
  18  1:28  Extractor  
  17  1:34  Hatchery  
  17  1:36  Drone  
  17  1:38  Drone  
  18  1:41  Drone  
  19  1:56  Zergling x2  
  19  1:57  Queen  
  22  2:03  Overlord  
  22  2:18  Queen  
  22  2:20  Zergling x2  
  25  2:29  Drone  
  26  2:30  Metabolic Boost  
  26  2:32  Zergling x2  
  26  2:33  Zergling x2  
  28  2:42  Drone, Spine Crawler  
  28  2:48  Zergling x4  
  30  2:58  Queen  
  32  3:04  Spine Crawler  
  31  3:10  Zergling x4  
  33  3:13  Zergling x2  
  33  3:16  Zergling x2  
  33  3:17  Zergling x2  
  36  3:25  Zergling x6  
  39  3:27  Zergling x2  
  39  3:32  Zergling x2  
  41  3:47  Drone  
  42  3:58  Overlord  
  42  3:59  Overlord  
  39  4:15  Spine Crawler  
Show
View Real Time Build Order
Export as new Build Order

LiquidMaNa Protoss 

Build Orders: 1 Gate Expand, Oracle Opening 

Get SALT Encoding   

  12  0:00  Probe  
  13  0:12  Probe  
  14  0:20  Pylon  
  14  0:24  Probe  
  15  0:34  Probe  
  15  0:42  Probe  
  16  0:45  Gateway  
  17  0:52  Probe  
  18  0:59  Assimilator  
  18  1:04  Probe  
  19  1:16  Probe  
  20  1:28  Probe  
  20  1:32  Cybernetics Core  
  21  1:44  Nexus  
  21  1:48  Probe  
  22  1:55  Pylon  
  22  2:03  Assimilator  
  22  2:06  Adept  
  24  2:17  Gateway  
  24  2:22  Shield Battery  
  24  2:26  Stalker  
  26  2:39  Stargate  
  26  2:45  Probe  
  26  2:47  Stalker  
  29  3:00  Stalker  
  30  3:14  Shield Battery  
  30  3:16  Oracle  
  33  3:31  Pylon  
  33  3:43  Pylon  
  33  3:45  Zealot  
  33  3:48  Pylon  
Tags
 
Add a new tag
Caveats
  • Supply blocks, unpowered buildings, or Contaminate may cause inaccurate times.
  • Supply counts are checked every 10 seconds.